 Dungeon Crawl Stone Soup version 0.27-a0-988-g25969acef8 (webtiles) character file.

Game seed: 3659487304561619768

12766 tsouns the Thaumaturge (level 11, -44/84 HPs)
             Began as a Djinni Earth Elementalist on Apr 15, 2021.
             Was an Elder of Uskayaw.
             Annihilated by a boulder beetle (57 damage)
             ... on level 10 of the Dungeon on Apr 16, 2021.
             The game lasted 00:26:13 (14363 turns).

tsouns the Thaumaturge (Djinni Earth Elementalist) Turns: 14363, Time: 00:26:14

Health: -44/84     AC: 11    Str:  7    XL:     11   Next: 98%
Gold:   420        EV: 11    Int: 21    God:    Uskayaw [****..] SH:  0 Dex: 13

rFire    + + +     SeeInvis .   f - +6 broad axe of Domination {flame, rC+}
rCold    . . .     Faith    .   (no shield)
rNeg     . . .     Spirit   .   v - +1 acid dragon scales
rPois    ∞         Reflect  .   a - +2 helmet
rElec    .         Harm     .   n - +0 cloak
rCorr    +         Rampage  .   (no gloves)
Will     ++...                  (boots unavailable)
Stlth    +.........             x - amulet of regeneration
HPRegen  1.24/turn              g - ring of protection from fire
MPRegen  0.00/turn              s - ring of willpower

@: flying
A: fire resistance 2, cold vulnerability 1, float, innate caster, hp casting,
extra vitality 1
a: Renounce Religion, Stomp, Line Pass


You were on level 10 of the Dungeon.
You worshipped Uskayaw.
Uskayaw was aware of your devotion.
You visited 1 branch of the dungeon, and saw 10 of its levels.

You collected 490 gold pieces.
You spent 70 gold pieces at shops.

Inventory:

Hand Weapons
 f - the +6 broad axe of Domination (weapon) {flame, rC+}
   (You acquired it on level 7 of the Dungeon)

   It has been specially enchanted to burn those struck by it, causing extra
   injury to most foes and up to half again as much damage against particularly
   susceptible opponents.
   Big, fiery blades are also staple armaments of hydra-hunters.
   It protects you from cold.
 i - a +2 dagger of protection
 m - a +3 spectral club
 t - the +5 hand axe of the Fifty Allies {vorpal, Dex+6}
   (You found it on level 4 of the Dungeon)

   It inflicts extra damage upon your enemies.
   It affects your dexterity (+6).
Missiles
 b - 309 stones
 j - a throwing net
 y - 2 boomerangs of dispersal
 H - 3 curare-tipped darts
Armour
 a - a +2 helmet (worn)
 n - a +0 cloak (worn)
 v - +1 acid dragon scales (worn)
Jewellery
 d - an amulet of the acrobat
 g - a ring of protection from fire (left hand)
 s - a ring of willpower (right hand)
 x - an amulet of regeneration (around neck)
 I - a ring of flight
Wands
 e - a wand of flame (72)
 A - a wand of iceblast (16)
Scrolls
 c - 2 scrolls of fog
 z - 3 scrolls of teleportation
 B - a scroll of enchant armour
 C - a scroll of summoning
 D - a scroll of immolation
 F - a scroll of blinking {unknown}
 G - a scroll of fear {unknown}
Potions
 h - 9 potions of curing
 k - 3 potions of berserk rage
 l - a potion of resistance
 o - 3 potions of might
 p - 2 potions of attraction {unknown}
 q - a potion of mutation
 r - a potion of heal wounds
 u - a potion of lignification
 w - a potion of haste {unknown}
 E - 2 potions of brilliance {unknown}


   Skills:
 + Level 9.4 Fighting
 + Level 5.0 Axes
 - Level 2.1 Dodging
 - Level 1.5 Stealth
 * Level 11.1 Spellcasting
 + Level 8.1 Invocations


You had 3 spell levels left.
You knew the following spells:

 Your Spells              Type           Power      Damage    Failure   Level
a - Sandblast             Erth           100%       2d20      1%          1
b - Passwall              Tmut/Erth      45%        N/A       1%          2
c - Stone Arrow           Conj/Erth      100%       3d13      1%          3
d - Petrify               Tmut/Erth      55%        N/A       1%          4
e - Lee's Rapid Deconstr  Erth           27%        3d16*     3%          5
f - Shock                 Conj/Air       100%       1d9       1%          1
g - Slow                  Hex            55%        N/A       1%          2
h - Vampiric Draining     Necr           27%        2d9       1%          3
i - Mephitic Cloud        Conj/Pois/Air  55%        N/A       1%          3
j - Alistair's Intoxicat  Tmut/Pois      36%        N/A       3%          5
Your spell library was empty.

Dungeon Overview and Level Annotations

Branches:
Dungeon (10/15)            Temple (0/1) D:5            Lair (0/6) D:10
    Orc (0/2) D:10

Altars:
Cheibriados
Elyvilon
Fedhas
Gozag
Nemelex Xobeh
Qazlal
Sif Muna
Trog
Uskayaw
Vehumet
Wu Jian
Xom
The Shining One

Shops:
D:5 =!*


Innate Abilities, Weirdness & Mutations

You are immune to poison.
Your flesh is very heat resistant. (rF++)
You are vulnerable to cold. (rC-)
You float through the air rather than walking.
You learn spells naturally, not from books.
Your magical power is your life essence.
You have superior vitality. (+4 HP)


Message History

The komodo dragon is no longer paralysed.
The yak is no longer paralysed.
The boulder beetle is no longer paralysed.
The boulder beetle hits you!
The boulder beetle stops rolling and uncurls.
The yak gores you.
Uskayaw will force your foes to share their pain.
Uskayaw links your audience in an emotional bond!
Casting: Lee's Rapid Deconstruction (dangerous; 3% risk of failure)
Confirm with . or Enter, or press ? or * to list all spells.
Aiming: Lee's Rapid Deconstruction (dangerous; 3% risk of failure)
Press: ? - help, Dir - move target A rock wall.
The wall shatters!
The blast of rock fragments hits the yak.
The yak is almost dead.
The blast of rock fragments hits the komodo dragon!
You kill the yak!
You kill the komodo dragon!
The yak is no longer paralysed.
The boulder beetle bites you!!
* * * LOW HITPOINT WARNING * * *
Your Axes skill increases to level 5!
Unknown command.
Unknown command.
The boulder beetle curls into a ball and begins rolling!
Casting: Lee's Rapid Deconstruction (dangerous; 3% risk of failure)
Confirm with . or Enter, or press ? or * to list all spells.
Aiming: Lee's Rapid Deconstruction (dangerous; 3% risk of failure)
Press: ? - help, Dir - move target A rock wall.
The wall shatters!
The blast of rock fragments hits the boulder beetle but does no damage.
The boulder beetle is lightly wounded.
The blast of rock fragments hits the yak!!
You kill the yak!
The blast of rock fragments hits the yak!!!
You kill the yak!
* * * LOW HITPOINT WARNING * * *
The boulder beetle hits you!!!
Ouch! That really hurt!
You die...

...........#.....................
..........###....................
...........#.....................
.................................
................................#
#################################
############,,**** **,*
###..........##.#..* **,** ##
#.....###.@B.†...#****,,,* .#
####..###.##.#.○.†....,,*,,,**
.###...##.###########....,,,,,,,,
#...####### *****,##.,,,,,,,,
##### *,,,,****,,,*,,,, **,****
*,,*,,,,** *,,* *****,**** ****
***


You could see a boulder beetle (rolling, pain bonded).

Vanquished Creatures
  3 two-headed ogres
  A dancing weapon (D:9)
  The ghost of Alarkh the Martial Artist, a novice DsTm of Cheibriados (D:9)
  2 komodo dragons (D:10)
  The ghost of kae the Ruffian, an amateur DrTm (D:4)
  Prince Ribbit (D:6)
  A hornet (D:7)
  Sigmund (D:2)
  2 wyverns
  A shadow (D:10)
  A wraith (D:10)
  Grum (D:9)
  14 yaks
  Duvessa (D:7)
  A water moccasin (D:2)
  6 orc warriors
  3 ice beasts
  An ogre (D:5)
  2 sky beasts
  3 black bears
  The ghost of askman the Skirmisher, an amateur DsFi (D:3)
  A necrophage (D:5)
  4 wolves (D:9)
  5 centaurs
  2 phantoms (D:6)
  2 kobold brigands (D:9)
  4 bullfrogs
  2 scorpions
  A wyvern zombie (D:7)
  A gnoll sergeant (D:6)
  Dowan (D:7)
  12 killer bees
  12 wights
  A centaur zombie (D:6)
  2 hounds (D:6)
  8 orc priests
  A jelly (D:6)
  Crazy Yiuf (D:2)
  2 centaur skeletons
  3 iguanas
  3 gnoll shamans
  2 scorpion zombies (D:5)
  Jessica (D:2)
  Natasha (twice) (D:3)
  13 orc wizards
  A killer bee zombie (D:8)
  2 scorpion simulacra (D:4)
  A mummy (D:7)
  27 gnolls
  5 adders
  5 white imps
  An ufetubus (D:5)
  An adder skeleton (D:4)
  2 worms
  3 dart slugs
  An adder simulacrum (D:4)
  57 orcs
  8 ball pythons
  4 bats
  5 endoplasms
  7 goblins
  13 hobgoblins
  7 jackals
  3 quokkas
  4 frilled lizards
  13 kobolds
  4 orc zombies (D:7)
  8 rats
316 creatures vanquished.

Vanquished Creatures (others)
  4 fungi (D:2)
  A plant (D:2)
5 creatures vanquished.

Grand Total: 321 creatures vanquished

Notes
Turn   | Place    | Note
-------+----------+-------------------------------------------
     0 | D:1      | tsouns the Djinni Earth Elementalist began the quest for
                  | the Orb.
     0 | D:1      | Reached XP level 1. HP: 15/15 MP: 0/0
   292 | D:1      | Reached skill level 1 in Fighting
   292 | D:1      | Reached XP level 2. HP: 18/22 MP: 0/0
   544 | D:1      | Reached skill level 3 in Spellcasting
  1067 | D:1      | Reached XP level 3. HP: 18/28 MP: 0/0
  1067 | D:1      | Learned a level 1 spell: Shock
  1480 | D:2      | Noticed Sigmund
  1480 | D:2      | Noticed a water moccasin
  1673 | D:2      | Noticed a bullfrog
  1682 | D:2      | Killed a bullfrog
  1683 | D:2      | Reached XP level 4. HP: 6/34 MP: 0/0
  2058 | D:2      | Reached XP level 5. HP: 30/40 MP: 0/0
  2058 | D:2      | Learned a level 2 spell: Slow
  2214 | D:2      | Reached skill level 4 in Spellcasting
  2233 | D:2      | Noticed Jessica
  2247 | D:2      | Killed a water moccasin
  2248 | D:2      | Reached XP level 6. HP: 28/46 MP: 0/0
  2398 | D:2      | Killed Sigmund
  2399 | D:2      | Reached skill level 5 in Spellcasting
  2662 | D:2      | Killed Jessica
  2726 | D:2      | Found a runed translucent door.
  2727 | D:2      | Noticed Crazy Yiuf
  2733 | D:2      | Killed Crazy Yiuf
  2734 | D:2      | Reached XP level 7. HP: 31/52 MP: 0/0
  2734 | D:2      | Learned a level 3 spell: Vampiric Draining
  2934 | D:2      | Found a faded altar of an unknown god.
  2937 | D:2      | Became a worshipper of Uskayaw the Reveller
  2937 | D:2      | Reached * piety under Uskayaw
  2982 | D:3      | Reached ** piety under Uskayaw
  2986 | D:3      | Reached *** piety under Uskayaw
  3280 | D:3      | Found a runed translucent door.
  3299 | D:3      | Noticed askman's ghost (amateur DsFi)
  3312 | D:3      | Killed askman's ghost
  3313 | D:3      | Reached skill level 1 in Invocations
  3474 | D:3      | Noticed Natasha
  3489 | D:3      | Killed Natasha
  3862 | D:3      | Noticed Natasha
  3864 | D:3      | Killed Natasha
  4228 | D:4      | Identified the +5 hand axe of the Fifty Allies {vorpal,
                  | Dex+6}
  4413 | D:4      | Found a snail-covered altar of Cheibriados.
  4420 | D:4      | Reached skill level 6 in Spellcasting
  4539 | D:4      | Reached skill level 5 in Fighting
  4541 | D:4      | Reached **** piety under Uskayaw
  4543 | D:4      | Reached XP level 8. HP: 34/59 MP: 0/0
  4876 | D:4      | Found a runed translucent gate.
  4876 | D:4      | Found a runed translucent gate.
  4876 | D:4      | Found a runed translucent gate.
  4965 | D:4      | Noticed kae's ghost (amateur DrTm)
  5301 | D:4      | Found a stormy altar of Qazlal.
  5301 | D:4      | You are sucked into a shaft and drop 3 floors!
  5354 | D:7      | Noticed a hornet
  5361 | D:7      | Killed a hornet
  5738 | D:5      | Entered Level 5 of the Dungeon
  5933 | D:5      | Reached skill level 7 in Spellcasting
  6287 | D:5      | Found Lytiel's Assorted Antiques.
  6361 | D:5      | Noticed a yak
  6362 | D:5      | Noticed a yak
  6362 | D:5      | Noticed a yak
  6363 | D:5      | Noticed a yak
  6367 | D:5      | Noticed a yak
  6368 | D:5      | Noticed a yak
  6373 | D:5      | Killed a yak
  6374 | D:5      | Reached XP level 9. HP: 41/66 MP: 0/0
  6374 | D:5      | Learned a level 3 spell: Mephitic Cloud
  6379 | D:5      | Reached ***** piety under Uskayaw
  6380 | D:5      | Reached skill level 8 in Spellcasting
  6383 | D:5      | HP: 3/67 [yak (18)]
  6828 | D:5      | Found Pummothu's Distillery.
  6836 | D:5      | Bought a potion of heal wounds for 70 gold pieces
  6866 | D:5      | Found Racuukk's Jewellery Boutique.
  6921 | D:5      | Reached skill level 5 in Invocations
  7122 | D:5      | Found a staircase to the Ecumenical Temple.
  8156 | D:4      | Killed kae's ghost
  8157 | D:4      | Reached skill level 1 in Axes
  8801 | D:5      | Reached XP level 10. HP: 27/75 MP: 0/0
  9260 | D:6      | Found a glowing golden altar of the Shining One.
  9286 | D:6      | Reached skill level 9 in Spellcasting
  9409 | D:6      | Found a blossoming altar of Fedhas.
  9518 | D:6      | Noticed Prince Ribbit
  9524 | D:6      | Killed Prince Ribbit
  9643 | D:6      | Found a bloodstained altar of Trog.
 10021 | D:6      | Found a hide-covered altar of Uskayaw.
 11143 | D:7      | Noticed Duvessa
 11144 | D:7      | Noticed Dowan
 11154 | D:7      | Killed Duvessa
 11155 | D:7      | Killed Dowan
 11738 | D:7      | Found an opulent altar of Gozag.
 11973 | D:7      | Identified a scroll of acquirement
 11973 | D:7      | Acquired the +6 broad axe of Domination {flame, rC+}
 12850 | D:8      | Found a sparkling altar of Nemelex Xobeh.
 12855 | D:8      | Noticed a two-headed ogre
 12858 | D:8      | Killed a two-headed ogre
 13086 | D:9      | Noticed a two-headed ogre
 13089 | D:9      | Killed a two-headed ogre
 13090 | D:9      | Reached skill level 10 in Spellcasting
 13090 | D:9      | Reached XP level 11. HP: 77/82 MP: 0/0
 13090 | D:9      | Learned a level 5 spell: Alistair's Intoxication
 13162 | D:9      | Noticed a two-headed ogre
 13165 | D:9      | Killed a two-headed ogre
 13174 | D:9      | Reached ****** piety under Uskayaw
 13281 | D:9      | Found an ornate altar of the Wu Jian Council.
 13545 | D:9      | Found a runed translucent door.
 13545 | D:9      | Found a shimmering altar of Xom.
 13545 | D:9      | Noticed Alarkh's ghost (novice DsTm)
 13545 | D:9      | Noticed a +2 long sword of chaos
 13583 | D:9      | Found a white marble altar of Elyvilon.
 13587 | D:9      | Noticed Grum
 13594 | D:9      | Killed Grum
 13733 | D:9      | Killed a +2 long sword of chaos
 13757 | D:9      | Killed Alarkh's ghost
 13818 | D:10     | Entered Level 10 of the Dungeon
 14074 | D:10     | Found a staircase to the Orcish Mines.
 14330 | D:10     | Reached skill level 11 in Spellcasting
 14354 | D:10     | Noticed a boulder beetle
 14362 | D:10     | Reached skill level 5 in Axes
 14363 | D:10     | Annihilated by a boulder beetle

Illustrated notes

Levels and vault maps discovered:
D:1:      dpeg_arrival_short_road, layout_loops_corners
D:2:      layout_rooms, shapermc_ecumenical_altar_hornbeckon,
          uniq_crazy_yiuf_cottage, uniq_jessica, uniq_sigmund
D:3:      minmay_inner_zag, layout_rooms, ebering_ghost_sewer_d, uniq_natasha
D:4:      layout_basic, old_standard_altar, nicolae_overflow_hidden_temple,
          gammafunk_ghost_icy, hangedman_glass_teeth
D:5:      layout_basic, minmay_temple_entry_drinking_statues, serial_shops,
          nicolae_shop_temple_entry_statues_fountains, shop, shop
D:6:      layout_basic, overflow_temple_1_default, lemuel_crystal_altar,
          marbit_many_paths, tso_metal_star, uniq_prince_ribbit1
D:7:      layout_layer_cave, nicolae_gozag_cash_rules_everything_around_me,
          minmay_mini_ossuary, uniq_duvessa
D:8:      layout_loops_cross, kennysheep_mini_moat, lemuel_round_altar,
          serial_co_window_serial, co_window_corner_a, co_window_corner_a,
          co_window_corner_a, co_window_paths_a, co_window_of_opportunity_a,
          co_window_corner_a, co_window_unsneaky_path_e, co_window_corner_b,
          co_window_broadway_c, co_window_corner_ca, co_window_of_opportunity_c,
          co_window_unsneaky_path_d, co_window_corner_ca, glass_columns_c
D:9:      layout_small_grid, kennysheep_mini, kennysheep_little_box,
          pdpol_wu_jian_five_deadly_venoms, ebering_ghost_xom,
          eino_small_chamber_without_monster, uniq_grum
D:10:     layout_big_octagon, erik_lair_dragon, david_orc_3

Skill      XL: |  1  2  3  4  5  6  7  8  9 10 11 |
---------------+----------------------------------+-----
Fighting       | 1 2 3 4 5 6 7 8 9 |  9.4
Spellcasting   | 3 4 5 6 7 8 10 11 | 11.1
Invocations    | 2 3 5 6 8 |  8.1
Axes           | 1 3 5 |  5.0
Dodging        | |  2.1
Stealth        | |  1.5

Action                   |  1- 3 |  4- 6 |  7- 9 | 10-12 || total
-------------------------+-------+-------+-------+-------++-------
Melee: Scythe            |       |     7 |       |       ||     7
       Hand axe          |       |       |    10 |     4 ||    14
       Broad axe         |       |       |       |    15 ||    15
 Cast: Sandblast         |    48 |    38 |     3 |       ||    89
       Stone Arrow       |       |     7 |   129 |   156 ||   292
       Petrify           |       |     2 |     1 |       ||     3
       Lee's Rapid Decon |       |       |    27 |    53 ||    80
       Slow              |       |       |     3 |     4 ||     7
       Alistair's Intoxi |       |       |       |     2 ||     2
  Use: Scroll            |       |       |     7 |    10 ||    17
 Stab: Sleeping          |       |     1 |       |       ||     1
       Paralysed         |       |       |     3 |     1 ||     4
Armor: Robe              |     6 |     6 |    11 |       ||    23
       Acid dragon scale |       |       |    12 |    42 ||    54
Dodge: Dodged            |    14 |    19 |    27 |    53 ||   113

Table legend: (Time is in decaauts)
 A = Elapsed time spent in this place.
 B = Non-inter-level travel time spent in this place.
 C = Inter-level travel time spent in this place.
 D = Time resting spent in this place.
 E = Time spent auto-exploring this place.
 F = Levels seen in this place.
 G = Mean time per level.
                   A        B        C        D        E       F      G
               +--------+--------+--------+--------+--------+-----+--------+
         Total |  14381 |  13976 |    405 |     46 |  12342 |  10 | 1438.1 |
       Dungeon |  14381 |  13976 |    405 |     46 |  12342 |  10 | 1438.1 |
               +--------+--------+--------+--------+--------+-----+--------+

Top non-repeatable levels by time:
     D:5: 2353 daAuts
     D:4: 2069 daAuts
     D:7: 1874 daAuts
     D:1: 1582 daAuts
     D:6: 1473 daAuts
     D:2: 1400 daAuts
     D:3: 1234 daAuts
     D:8: 1111 daAuts
     D:9: 736 daAuts
    D:10: 544 daAuts
